 Dungeon Crawl Stone Soup version 0.19.4-9-g45fd643 (webtiles) character file.

57 vatarom the Digger (level 3, 0/29 HPs)
             Began as a Draconian Earth Elementalist on Feb 17, 2017.
             Succumbed to a worker ant's poison
             ... on level 2 of the Dungeon.
             The game lasted 00:05:41 (1895 turns).

vatarom the Digger (Draconian Earth Elementalist)   Turns: 1895, Time: 00:05:42

Health: 0/29       AC:  6    Str: 10    XL:     3   Next: 73%
Magic:  0/6        EV: 12    Int: 16    God:
Gold:   66         SH:  0    Dex: 11    Spells: 2 memorised, 2 levels left

rFire  . . .     SeeInvis .     m - +0 dagger (speed)
rCold  . . .     Gourm    .     (armour unavailable)
rNeg   . . .     Faith    .     (no shield)
rPois  .         Spirit   .     (helmet restricted)
rElec  .         Reflect  .     h - +0 cloak
rCorr  .         Harm     .     (no gloves)
MR     .....                    (no boots)
Stlth  ++........               (no amulet)
                                (no ring)
                                g - ring of flight

@: lethally poisoned (0 -> -10)
A: unfitting armour, cold-blooded, AC +5
a: Evoke Flight


You were on level 2 of the Dungeon.
You were very hungry.

You visited 1 branch of the dungeon, and saw 3 of its levels.

You collected 66 gold pieces.

Inventory:

Hand Weapons
 m - a +0 dagger of speed (weapon)
Missiles
 b - 7 stones (quivered)
Armour
 h - a +0 cloak (worn)
Jewellery
 g - a ring of flight (left hand)
Scrolls
 j - a scroll of remove curse
 k - a scroll of fog
Books
 d - a book of Geomancy

   Spells                             Type                      Level
   a - Sandblast                      Earth                        1
   b - Passwall                       Transmutation/Earth          2
   c - Stone Arrow                    Conjuration/Earth            3
   d - Petrify                        Transmutation/Earth          4
   e - Lee's Rapid Deconstruction     Earth                        5
Comestibles
 a - 5 chunks of flesh
 c - 3 bread rations
 i - a meat ration
 l - 11 fruits


   Skills:
 - Level 2.1 Fighting
 - Level 1.7 Dodging
 - Level 1.7 Stealth
 - Level 2.0 Spellcasting
   Level 1.0 Transmutations
 * Level 4.1 Earth Magic


You had 2 spell levels left.
You knew the following spells:

 Your Spells              Type           Power        Failure   Level  Hunger
a - Sandblast             Erth           ##....       4%          1    #......
b - Stone Arrow           Conj/Erth      #.....       28%         3    ###....


Dungeon Overview and Level Annotations

Branches:
Dungeon (3/15)

Altars:
Dithmenos
Fedhas
Uskayaw


Innate Abilities, Weirdness & Mutations

Your plain brown scales are hard. (AC +5)
You cannot fit into any form of body armour.
You are cold-blooded and may be slowed by cold attacks.


Message History

The worker ant misses you.
You closely miss the worker ant.
The worker ant is almost dead.
* * * LOW HITPOINT WARNING * * *
You feel sick. The worker ant misses you.
Casting: Sandblast
Confirm with . or Enter, or press ? or * to list all spells.
Aiming: Sandblast
Press: ? - help, Shift-Dir - straight line, f/p - worker ant
Aim: a worker ant (almost dead)
The blast of sand hits the worker ant.
The worker ant is almost dead.
The worker ant bites you.
* * * LOW HITPOINT WARNING * * *
You are more poisoned.
The worker ant poisons you!
You barely miss the worker ant.
You tail-slap the worker ant, but do no damage.
The worker ant is almost dead.
You die...

..#####.# #....#
........####....#
................#
#####[...#......#####
...##.##............#
..........##........#
....................#
..........##........#
...#......##....@a..#
...#.####..##########
.....# ##..# ....##
##.# ...## #.## ...#
#..# ...# ##.# ...##
#.# ....########.#


You could see a worker ant.

Vanquished Creatures
  An adder (D:3)
  An ooze (D:2)
  2 worms
  A dart slug (D:1)
  A leopard gecko (D:1)
  3 giant cockroaches
  A hobgoblin (D:1)
  4 jackals (D:3)
  2 kobolds (D:3)
  A quokka (D:2)
  4 bats
  6 frilled lizards
  5 goblins
  5 rats
37 creatures vanquished.

Notes
Turn   | Place    | Note
-------+----------+-------------------------------------------
     0 | D:1      | vatarom the Draconian Earth Elementalist began the quest for the Orb.
     0 | D:1      | Reached XP level 1. HP: 14/14 MP: 3/3
   123 | D:1      | Reached skill level 1 in Fighting
   243 | D:1      | Reached XP level 2. HP: 24/24 MP: 5/5
   761 | D:2      | Found a faded altar of an unknown god.
  1035 | D:2      | Reached XP level 3. HP: 29/29 MP: 4/6
  1041 | D:2      | Learned a level 3 spell: Stone Arrow
  1083 | D:2      | Found a shadowy altar of Dithmenos.
  1083 | D:2      | Found a hide-covered altar of Uskayaw.
  1250 | D:2      | Found a blossoming altar of Fedhas.
  1469 | D:3      | Noticed a bullfrog
  1505 | D:2      | Reached skill level 4 in Earth Magic
  1894 | D:2      | HP: 1/29 [worker ant (1)]
  1895 | D:2      | Succumbed to a worker ant's poison

Skill      XL: |  1  2  3 |
---------------+----------+-----
Fighting       | 1 2 |  2.1
Earth Magic    | 4 |  4.1
Dodging        | |  1.7
Stealth        | |  1.7
Spellcasting   | |  2.0
Transmutations | |  1.0

Action                   || total
-------------------------++-------
Melee: Club              ||    55
       Unarmed           ||     5
       Tailslap          ||    17
       Dagger            ||    82
 Cast: Sandblast         ||    43
       Stone Arrow       ||     6
  Use: Potion            ||     6
       Scroll            ||     2
 Stab: Sleeping          ||     2
  Eat: Chunk             ||     4
Armor: Skin              ||    58
Dodge: Dodged            ||   118
